AoeStats
← Sparten gio

Black Forest

503515004Analyzed
4v4 RM · 1mo ago on Sep 1, 2026· 44m 53s· 8 players
Game mode
Random Map
Map size
Large (8 player)
Population
200
Speed
Normal
Resources
Standard
Victory
Conquest
Starting age
Dark Age
Ending age
Imperial Age
RankedLock teamsTeams togetherTeam positionsShared explorationLock speedFull tech treeHidden civsTurbo modeCheats
Victory
Defeat
🇦🇺 Britons · Australia
847
+11
🇺🇸 Mongols · United States
799
+14
788
+14
🇧🇷 Aztecs · Brazil
709
+18
🇺🇸 Tatars · United States
869
-20
🇳🇿 Khmer · New Zealand
769
-15
🇺🇸 Saracens · United States
681
-11
🇺🇸 Turks · United States
667
-11
YaSh the B3AST
0:28 Loom
12:04 Feudal Age
20:24 Castle Age
18:34 Double-Bit Axe
18:37 Horse Collar
23:28 Wheelbarrow
29:16 Hand Cart
28:47 Town Watch
29:59 Bow Saw
30:09 Heavy Plow
30:41 Fletching
35:53 Imperial Age
34:29 Ballistics
34:27 Murder Holes
35:47 Bodkin Arrow
35:52 Padded Archer Armor
38:05 Chemistry
36:40 Onager
38:10 Drill
37:55 Husbandry
38:05 Bloodlines
38:06 Bracer
38:21 Leather Archer Armor
38:07 Light Cavalry
39:22 Hussar
Watermelon Sugar Vapeeee
2:17 Loom
12:19 Feudal Age
17:34 Castle Age
16:09 Double-Bit Axe
30:25 Horse Collar
31:36 Wheelbarrow
31:14 Bow Saw
32:36 Stone Mining
36:17 Imperial Age
34:03 Hand Cart
34:25 Ballistics
34:15 Scale Mail Armor
34:21 Scale Barding Armor
34:30 Forging
34:23 Pikeman
34:48 Arson
35:55 Heavy Plow
37:22 Conscription
37:26 Kataparuto
37:52 Caravan
38:42 Husbandry
Mclovin
0:34 Loom
11:54 Feudal Age
17:23 Castle Age
15:21 Double-Bit Axe
15:58 Horse Collar
20:27 Fletching
20:37 Pikeman
28:02 Yeomen
30:26 Bodkin Arrow
31:54 Padded Archer Armor
33:30 Ballistics
33:06 Murder Holes
33:21 Masonry
33:36 Leather Archer Armor
34:22 Forging
34:12 Scale Mail Armor
34:57 Bow Saw
34:54 Squires
36:28 Iron Casting
36:09 Chain Mail Armor
36:16 Town Watch
36:30 Treadmill Crane
40:50 Imperial Age
38:50 Gold Mining
39:35 Arson
41:53 Conscription
40:54 Elite Longbowman
42:05 Bracer
42:13 Warwolf
43:00 Plate Mail Armor
43:11 Halberdier
Assisu2405
0:59 Loom
18:36 Feudal Age
21:54 Man-at-Arms
22:20 Arson
22:39 Double-Bit Axe
22:42 Horse Collar
26:12 Scale Mail Armor
26:23 Forging
30:12 Gold Mining
32:53 Wheelbarrow
32:07 Town Watch
32:16 Stone Mining
37:37 Castle Age
38:44 Long Swordsman
39:11 Gambesons
40:05 Gold Shaft Mining
39:11 Elite Skirmisher
41:58 Heavy Plow
42:35 Stone Shaft Mining
43:25 Squires
xDELTAx Rico
0:29 Loom
13:38 Feudal Age
14:05 Double-Bit Axe
14:57 Wheelbarrow
21:46 Castle Age
20:26 Gold Mining
20:31 Stone Mining
30:55 Hand Cart
31:36 Bow Saw
NATIVE RADIX
0:48 Loom
14:29 Feudal Age
16:45 Horse Collar
19:31 Castle Age
18:47 Wheelbarrow
20:43 Double-Bit Axe
21:09 Town Watch
23:40 Fletching
29:13 Bow Saw
29:21 Hand Cart
36:46 Town Patrol
40:24 Imperial Age
38:07 Elite Skirmisher
38:52 Thumb Ring
44:00 Hoardings
43:46 Conscription
43:39 Bimaristan
44:04 Elite Mameluke
44:55 Counterweights
DK3175
0:29 Loom
11:48 Feudal Age
17:12 Castle Age
15:38 Double-Bit Axe
18:52 Horse Collar
26:26 Heavy Plow
29:53 Wheelbarrow
29:39 Bloodlines
29:46 Forging
32:17 Hand Cart
32:41 Iron Casting
32:12 Scale Barding Armor
37:43 Imperial Age
35:32 Tusk Swords
36:02 Chain Barding Armor
36:29 Husbandry
37:13 Bow Saw
37:50 Elite Battle Elephant
38:53 Conscription
39:40 Blast Furnace
39:32 Plate Barding Armor
Sparten gio
1:18 Loom
13:35 Feudal Age
15:55 Double-Bit Axe
15:56 Horse Collar
18:23 Town Watch
21:17 Castle Age
26:39 Fletching
27:36 Bodkin Arrow
30:34 Forging
30:31 Scale Barding Armor
32:15 Fortified Wall
34:38 Bow Saw
36:22 Ballistics
40:37 Imperial Age
39:42 Heavy Plow
42:18 Iron Casting
42:46 Chain Barding Armor
42:35 Husbandry
Connection lost

Rejoining the realm…

Still unreachable

The connection could not be restored.

Session expired

The server has moved on; the page needs a fresh start.